 Dungeon Crawl Stone Soup version 0.29.1-15-g9cfb28693d (webtiles) character file.

Game seed: 8822408956147340142

12239 LustLizard the Grappler (level 11, -6/109 HPs)
             Began as a Troll Fighter on Apr 8, 2023.
             Was an Elder of Wu Jian.
             Mangled by a boulder beetle (24 damage)
             ... on level 10 of the Dungeon.
             The game lasted 00:21:48 (10600 turns).

LustLizard the Grappler (Troll Fighter)            Turns: 10600, Time: 00:21:48

Health: -6/109     AC: 16    Str: 26    XL:     11   Next: 59%
Magic:  10/10      EV: 10    Int: 11    God:    Wu Jian [****..]
Gold:   768        SH:  9    Dex:  9    Spells: 10/10 levels left

rFire   + . .      SeeInvis .     - Unarmed
rCold   + . .      Faith    .   b - +0 kite shield
rNeg    . . .      Spirit   .   S - +2 animal skin of the Bulwark {Will+ rCorr Slay+3}
rPois   .          Reflect  .   U - +2 hat {Int+3}
rElec   .          Harm     .   Q - scarf {rC+ rF+}
rCorr   +          Rampage  .   (gloves unavailable)
Will    +....                   (boots unavailable)
Stlth   +.........              (no amulet)
HPRegen 1.08/turn               u - +4 ring of protection
MPRegen 0.12/turn               I - +4 ring of protection

@: no status effects
A: large, unfitting armour, claws 3, regeneration 1, shaggy fur 1, tough skin 1
a: Renounce Religion, Wall Jump, Serpent's Lash


You were on level 10 of the Dungeon.
You worshipped Wu Jian.
Wu Jian was greatly pleased with you.
You visited 2 branches of the dungeon, and saw 11 of its levels.
You also visited: Sewer and Bailey.

You collected 768 gold pieces.

Inventory:

Missiles
 f - 39 poisoned darts (quivered)
 B - a throwing net
 O - 8 boomerangs
Armour
 a - a +2 robe of willpower
 b - a +0 kite shield (worn)
 D - a +0 cloak
 H - +0 swamp dragon scales
 Q - a scarf of resistance (worn)
 S - the +2 animal skin of the Bulwark (worn) {Will+ rCorr Slay+3}
   (You acquired it on level 10 of the Dungeon)

   Slay:      It affects your accuracy & damage with ranged weapons and melee
   (+3).
   rCorr:     It protects you from acid and corrosion.
   Will:      It increases your willpower.
 U - a +2 hat of intelligence (worn)
Jewellery
 d - a ring of positive energy
 o - a ring of positive energy
 q - the ring "Ucuweor" {rElec rC+ Str+2 Dex+6 Stlth-}
   (You found it on level 3 of the Dungeon)

   [ring of dexterity]

   Str:       It affects your strength (+2).
   Dex:       It affects your dexterity (+6).
   rC:        It protects you from cold.
   rElec:     It insulates you from electricity.
   Stlth:     It makes you less stealthy.
 u - a +4 ring of protection (left claw)
 z - a ring of protection from cold
 I - a +4 ring of protection (right claw)
 M - a +4 ring of protection
 P - the ring of Reimbursement {rElec rPois Str+3 Dex+3 Slay-2}
   (You acquired it on level 10 of the Dungeon)

   [ring of poison resistance]

   Str:       It affects your strength (+3).
   Dex:       It affects your dexterity (+3).
   Slay:      It affects your accuracy & damage with ranged weapons and melee
   (-2).
   rElec:     It insulates you from electricity.
   rPois:     It protects you from poison.
Wands
 j - a wand of mindburst (12)
 w - a wand of polymorph (9)
 A - a wand of flame (11)
 F - a wand of paralysis (12)
Scrolls
 e - 8 scrolls of teleportation
 h - a scroll of butterflies {unknown}
 i - a scroll of silence {unknown}
 k - a scroll of amnesia {unknown}
 m - 2 scrolls of fear
 n - 2 scrolls of blinking {unknown}
 t - 2 scrolls of enchant weapon {unknown}
 y - 3 scrolls of identify
 C - 4 scrolls of poison
 L - a scroll of vulnerability {unknown}
 N - a scroll of noise {unknown}
 R - a scroll of enchant armour {unknown}
 T - a scroll of immolation {unknown}
Potions
 c - 4 potions of might
 g - 2 potions of berserk rage
 l - a potion of flight {unknown}
 p - 3 potions of mutation
 r - 7 potions of curing
 s - 9 potions of heal wounds
 x - a potion of invisibility
 E - 4 potions of haste
 G - a potion of attraction {unknown}
 J - 3 potions of brilliance
 K - 2 potions of magic {unknown}


   Skills:
 + Level 7.6 Fighting
 - Level 4.0 Throwing
 + Level 5.8 Dodging
 + Level 8.3 Shields
 * Level 12.2 Unarmed Combat


You had 10 spell levels left.
You didn't know any spells.
Your spell library contained the following spells:

 Spells                   Type           Power      Damage    Failure   Level
 Beastly Appendage        Tmut           0%         N/A       56%         1
 Summon Small Mammal      Summ           0%         N/A       56%         1
 Ensorcelled Hibernation  Hex/Ice        0%         N/A       71%         2
 Static Discharge         Conj/Air       0%         3-3/arc   71%         2
 Wereblood                Tmut           0%         N/A       71%         2
 Call Canine Familiar     Summ           0%         N/A       91%         3
 Spider Form              Tmut/Pois      0%         N/A       91%         3
 Summon Guardian Golem    Hex/Summ       0%         N/A       91%         3
 Anguish                  Hex/Necr       0%         N/A       100%        4
 Dispel Undead            Necr           0%         3d6       100%        4
 Passage of Golubria      Tloc           0%         N/A       100%        4
 Sticky Flame             Conj/Fire      0%         2d3       100%        4
 Lightning Bolt           Conj/Air       0%         1d11      100%        5
 Silence                  Hex/Air        0%         N/A       100%        5
 Orb of Destruction       Conj           0%         9d5       100%        7
 Spellforged Servitor     Conj/Summ      0%         N/A       100%        7
 Lehudib's Crystal Spear  Conj/Erth      0%         10d2      100%        8
 Maxwell's Capacitive Co  Air            0%         ∞         100%        8


Dungeon Overview and Level Annotations

Branches:
Dungeon (10/15)            Temple (1/1) D:4            Lair (0/5) D:8
    Orc (0/2) D:9           Sewer (visited)          Bailey (visited)

Altars:
Dithmenos
Elyvilon
Fedhas
Gozag
Hepliaklqana
Kikubaaqudgha
Makhleb
Nemelex Xobeh
Okawaru
Qazlal
Ru
Trog
Uskayaw
Vehumet
Wu Jian
Xom
Zin
The Shining One

Shops:
D:4 *

Annotations:
D:10 3 runed translucent doors


Innate Abilities, Weirdness & Mutations

You are too large for most types of armour.
You have claws for hands.
Your natural rate of healing is unusually fast.
You are covered in fur. (AC +1)
You have tough skin. (AC +1)


Message History

Found a twisted coral ring.
The lava snake hisses angrily.
Really read the scroll of poison?
You can't even see any enemies this would affect.
The air fills with toxic fumes!
As you read the scroll of poison, it crumbles to dust.
You open the gate.
The boulder beetle curls into a ball and begins rolling!
You completely miss the boulder beetle.
The boulder beetle leaps!
You lunge at the boulder beetle.
You mangle the boulder beetle!!
The boulder beetle is moderately wounded.
You block the boulder beetle's attack.
The boulder beetle stops rolling and uncurls.
The boulder beetle curls into a ball and begins rolling!
There is an open translucent gate here.
You spin and attack the boulder beetle.
You mangle the boulder beetle!!
The boulder beetle is heavily wounded.
The boulder beetle bites you!
Unknown command.
You scratch the boulder beetle but do no damage.
The boulder beetle is heavily wounded.
The boulder beetle bites you but does no damage.
The boulder beetle hits you!!!
The boulder beetle stops rolling and uncurls.
You claw the boulder beetle!
The boulder beetle is severely wounded.
You block the boulder beetle's attack. The boulder beetle bites you!
You scratch the boulder beetle but do no damage.
The boulder beetle is severely wounded.
You block the boulder beetle's attack.
You claw the boulder beetle!
The boulder beetle is severely wounded.
The boulder beetle bites you!
The boulder beetle leaps!
You spin and attack the boulder beetle.
You scratch the boulder beetle but do no damage.
The boulder beetle leaps! x2
The boulder beetle bites you!
* * * LOW HITPOINT WARNING * * *
The boulder beetle is engulfed in poison gas.
The boulder beetle is poisoned.
The boulder beetle bites you!!
You die...

##.#.....#
##...##
#.########
#.#..####
#.###.#
### #_..
#.#..#
##)...##
##...
#.#..#
###.†####
#...#
#.#..#
##..[^#
##....
#.#..####
#..####
#...#.
#.......#
##..☼###
##.....
###.....#
###BB○#
#_..#..
#.#####
##'@'##
##.....
#.#
#.....#
###...#.
#.#####
##+++##
###.##....
#....)#
S.k.S#
#....#...#
## #######
#≈...°#
###..##..)
.# #§..!°#
####..#_..
.#########
#§8=8☼#
#.....####
.##......#
#######
######.##.
.##.######
#.#..


You could see 2 boulder beetles, a lindwurm and 2 lava snakes.

Vanquished Creatures
  A two-headed ogre (D:7)
  2 orc high priests (Bailey)
  2 orc knights (Bailey)
  Maggie (D:6)
  2 hornets
  3 trolls
  Grinder (Sewer)
  Sigmund (D:4)
  A shadow (D:9)
  7 yaks
  4 wyverns (D:8)
  2 redbacks (D:10)
  4 steam dragons
  Menkaure (D:4)
  An acid dragon (D:7)
  6 water moccasins
  2 ice beasts (D:6)
  10 orc warriors
  The ghost of ananimalfarmdonkey the Chopper, an amateur HOBe of Trog (D:3)
  A sky beast (D:6)
  3 black bears (D:8)
  2 ogres
  A wolf (D:8)
  3 centaurs
  2 phantoms
  3 kobold brigands
  5 bullfrogs
  Blork the orc (D:4)
  2 scorpions
  5 wights
  6 killer bees (D:9)
  4 howler monkeys
  3 electric eels (Bailey)
  4 jellies
  Crazy Yiuf (D:5)
  A hound (D:6)
  5 orc priests
  Ijyb (D:5)
  3 iguanas
  5 orc wizards
  10 gnolls
  11 adders
  A shadow imp (Sewer)
  4 white imps
  5 ufetubi (Sewer)
  4 worms
  5 dart slugs
  39 orcs
  10 endoplasms
  7 giant cockroaches
  15 goblins
  9 hobgoblins
  26 kobolds
  3 quokkas
  7 ball pythons
  9 bats
  4 frilled lizards
  2 kobold zombies (Sewer)
  12 rats
296 creatures vanquished.

Vanquished Creatures (others)
  A yak (D:8)
  An orc (D:9)
  3 fungi (D:8)
  8 plants
13 creatures vanquished.

Grand Total: 309 creatures vanquished

Notes
Turn   | Place    | Note
-------+----------+-------------------------------------------
     0 | D:1      | LustLizard the Troll Fighter began the quest for the Orb.
     0 | D:1      | Reached XP level 1. HP: 22/22 MP: 0/0
   427 | D:1      | Reached XP level 2. HP: 25/29 MP: 1/1
   903 | D:2      | Found a sacrificial altar of Ru.
  1005 | D:2      | Reached XP level 3. HP: 36/36 MP: 2/2
  1049 | D:2      | Reached skill level 1 in Throwing
  1049 | D:2      | Reached skill level 3 in Unarmed Combat
  1122 | D:2      | Reached XP level 4. HP: 44/44 MP: 3/3
  1875 | D:3      | Found a faded altar of an unknown god.
  2183 | D:3      | Identified the ring "Ucuweor" {rElec rC+ Str+2 Dex+6
                  | Stlth-}
  2344 | D:3      | Found a runed translucent door.
  2347 | D:3      | Noticed ananimalfarmdonkey's ghost (amateur HOBe)
  2509 | D:3      | Reached XP level 5. HP: 38/53 MP: 4/4
  2554 | D:3      | Killed ananimalfarmdonkey's ghost
  2555 | D:3      | Reached skill level 4 in Unarmed Combat
  2933 | D:4      | Noticed an ogre
  2942 | D:4      | Killed an ogre
  2943 | D:4      | Reached XP level 6. HP: 61/61 MP: 5/5
  2953 | D:4      | Found a glowing drain.
  3055 | D:4      | Noticed Menkaure
  3064 | D:4      | Killed Menkaure
  3126 | Sewer    | Entered a sewer
  3199 | Sewer    | Reached skill level 5 in Unarmed Combat
  3242 | Sewer    | Reached XP level 7. HP: 65/68 MP: 6/6
  3259 | Sewer    | Found an ancient bone altar of Kikubaaqudgha.
  3284 | Sewer    | Noticed Grinder
  3296 | Sewer    | Paralysed by Grinder for 2 turns
  3298 | Sewer    | Killed Grinder
  3378 | Sewer    | Reached skill level 6 in Unarmed Combat
  3631 | D:4      | Noticed Sigmund
  3664 | D:4      | Killed Sigmund
  3665 | D:4      | Reached XP level 8. HP: 68/78 MP: 7/7
  3708 | D:4      | Found Ivenluza's Overcharged Wands.
  3847 | D:4      | Noticed Blork the orc
  3852 | D:4      | Killed Blork the orc
  4069 | D:4      | Found a staircase to the Ecumenical Temple.
  4132 | Temple   | Entered the Ecumenical Temple
  4141 | Temple   | Became a worshipper of the Wu Jian Council
  4483 | D:5      | Entered Level 5 of the Dungeon
  4498 | D:5      | Noticed Ijyb
  4610 | D:5      | Killed Ijyb
  4720 | D:5      | Reached skill level 5 in Shields
  5108 | D:5      | Found a runed translucent door.
  5111 | D:5      | Noticed Crazy Yiuf
  5118 | D:5      | Killed Crazy Yiuf
  5119 | D:5      | Reached skill level 7 in Unarmed Combat
  5371 | D:6      | Reached * piety under Wu Jian
  5406 | D:6      | Noticed Maggie
  5415 | D:6      | Killed Maggie
  5416 | D:6      | Reached skill level 5 in Fighting
  5416 | D:6      | Reached XP level 9. HP: 24/88 MP: 8/8
  5680 | D:6      | Reached skill level 8 in Unarmed Combat
  6463 | D:7      | Reached skill level 9 in Unarmed Combat
  6503 | D:7      | Noticed a two-headed ogre
  6523 | D:7      | Killed a two-headed ogre
  6535 | D:7      | Reached XP level 10. HP: 98/98 MP: 9/9
  7408 | D:8      | Reached skill level 10 in Unarmed Combat
  7488 | D:8      | Reached ** piety under Wu Jian
  7503 | D:8      | Found a staircase to the Lair.
  8176 | D:9      | Reached skill level 11 in Unarmed Combat
  8220 | D:9      | Found a shadowy altar of Dithmenos.
  8489 | D:9      | Reached skill level 5 in Dodging
  8568 | D:9      | Noticed a moth of wrath
  8571 | D:9      | Found a bloodstained altar of Trog.
  8748 | D:9      | Found a staircase to the Orcish Mines.
  8756 | D:9      | Reached XP level 11. HP: 106/109 MP: 10/10
  8766 | D:9      | Reached *** piety under Wu Jian
  8934 | D:10     | Entered Level 10 of the Dungeon
  9135 | D:10     | Found a flagged portal.
  9186 | D:10     | Found a sparkling altar of Nemelex Xobeh.
  9187 | D:10     | Found a white marble altar of Elyvilon.
  9187 | D:10     | Found an opulent altar of Gozag.
  9187 | D:10     | Found a glowing golden altar of the Shining One.
  9198 | D:10     | Found a radiant altar of Vehumet.
  9198 | D:10     | Found a hazy altar of Hepliaklqana.
  9304 | Bailey   | Entered a bailey
  9487 | Bailey   | Noticed an orc knight
  9498 | Bailey   | Killed an orc knight
  9498 | Bailey   | Reached **** piety under Wu Jian
  9511 | Bailey   | Noticed an orc high priest
  9523 | Bailey   | Killed an orc high priest
  9634 | Bailey   | Noticed an orc knight
  9643 | Bailey   | Killed an orc knight
  9644 | Bailey   | Reached skill level 12 in Unarmed Combat
  9785 | Bailey   | Found an iron altar of Okawaru.
  9785 | Bailey   | Noticed an orc high priest
  9786 | Bailey   | Noticed a soul eater
  9812 | Bailey   | Noticed a soul eater
  9814 | Bailey   | Killed an orc high priest
 10022 | D:10     | Acquired the +2 animal skin of the Bulwark {Will+ rCorr
                  | Slay+3}
 10034 | D:10     | Acquired the ring of Reimbursement {rElec rPois Str+3 Dex+3
                  | Slay-2}
 10541 | D:10     | Found a runed translucent door.
 10566 | D:10     | Found a runed translucent gate.
 10566 | D:10     | Found a runed translucent gate.
 10566 | D:10     | Found a runed translucent gate.
 10566 | D:10     | Found a runed translucent gate.
 10566 | D:10     | Found a runed translucent gate.
 10566 | D:10     | Noticed a boulder beetle
 10587 | D:10     | Noticed a lindwurm
 10588 | D:10     | Found a runed translucent gate.
 10589 | D:10     | Noticed a boulder beetle
 10600 | D:10     | Mangled by a boulder beetle

Illustrated notes

Levels and vault maps discovered:
D:1:      mrwooster_arrival_statue_3, layout_loops_ring, serial_bayou_pond_d
D:2:      kennysheep_six_static_rooms, layout_basic, basic_altar
D:3:      layout_basic, ebering_ghost_sewer_d,
          shapermc_ecumenical_altar_mp_ritualfount,
          chequers_serial_rivers_micro_c
D:4:      layout_layer_cave, minmay_temple_entry_junction, portal_sewer_entry_a,
          kennysheep_decorative_pillar, minmay_liquid_box,
          nicolae_shop_overcharged_wands, uniq_sigmund, uniq_menkaure,
          uniq_blork_the_orc
D:5:      layout_cave_pools, uniq_crazy_yiuf_cottage, uniq_ijyb
D:6:      layout_basic, uniq_maggie
D:7:      layout_basic
D:8:      layout_basic, minmay_lair_entry_grove, chequers_mini_garden
D:9:      layout_roguey, tgw_trog, general_overflow_altar,
          minmay_orc_entry_temple_small
D:10:     gammafunk_indiana_jones, layout_loops_ring,
          minmay_overflow_temple_hex, enter_bailey_2, nicolae_sextant
Temple:   nicolae_temple_two_arcs

Skill      XL: |  1  2  3  4  5  6  7  8  9 10 11 |
---------------+----------------------------------+-----
Shields        | 3 4 5 6 7 8 |  8.3
Throwing       | 1 2 3 4 |  4.0
Unarmed Combat | 3 4 5 6 7 9 11 12 | 12.2
Fighting       | 3 4 5 6 7 |  7.6
Dodging        | 3 5 |  5.8

Action                   |  1- 3 |  4- 6 |  7- 9 | 10-12 || total
-------------------------+-------+-------+-------+-------++-------
Melee: Unarmed           |   101 |   161 |   274 |   383 ||   919
Throw: Dart              |       |     5 |     9 |       ||    14
Invok: Lunge             |       |       |    13 |    18 ||    31
       Whirlwind         |       |       |    15 |    68 ||    83
  Use: Scroll            |     1 |     1 |     5 |     6 ||    13
 Stab: Petrifying        |       |       |       |     1 ||     1
Armor: Robe              |    40 |    54 |    74 |       ||   168
       Swamp dragon scal |       |       |    26 |   105 ||   131
       Animal skin       |       |       |       |     2 ||     2
Dodge: Dodged            |    32 |    64 |    82 |    95 ||   273
Block: Kite shield       |    45 |    66 |    96 |   145 ||   352
